 Dungeon Crawl Stone Soup version 0.31-a0-771-g505c3d19dc (console) character file.

Game seed: 13706282858476890447

6087 petzl the Thaumaturge (level 11, -14/62 (75) HPs)
             Began as a Formicid Delver on Sept 16, 2023.
             Was a Follower of Vehumet.
             Shot with an arrow by a centaur warrior (24 damage)
             ... on level 13 of the Dungeon.
             The game lasted 01:00:42 (9869 turns).

petzl the Thaumaturge (Formicid Delver)             Turns: 9869, Time: 01:00:43

HP:   -14/62 (75)   AC: 12    Str: 25    XL:     11   Next: 12%
MP:   24/24         EV: 13    Int: 14    God:    Vehumet [*.....]
Gold: 480           SH:  5    Dex: 18    Spells: 22/28 levels left

rFire   + . .        a - +2 dagger (venom) {!f =f}
rCold   . . .        J - orb {*channel}
rNeg    . . .        B - +4 ring mail of Naaj {*Corrode Str+8 Dex+3}
rPois   .            (helmet unavailable)
rElec   .            (no cloak)
rCorr   +            (no gloves)
SInv    +            N - +1 pair of boots
Will    +....        n - amulet of reflection
Stlth   +++          u - ring of resist corrosion
HPRegen 0.30/turn    h - ring of protection from fire
MPRegen 0.19/turn

%: corrode self (3%), reflection, channel magic (20%)
@: heavily drained
A: permanent stasis, dig shafts and tunnels, antennae 3, four strong arms, wild
magic 1, evolution 1
a: Dig, Shaft Self, Renounce Religion


You were on level 13 of the Dungeon.
You worshipped Vehumet.
Vehumet was aware of your devotion.
You visited 2 branches of the dungeon, and saw 13 of its levels.

You collected 480 gold pieces.

Inventory:

Hand Weapons
 a - a +2 dagger of venom (weapon) {!f =f}
 b - a +2 heavy orcbow
 g - a +0 whip of freezing
 v - a +1 spear of flaming {!f =f}
 A - a +1 whip of draining
 F - a +3 hand axe of freezing {!f =f}
 I - a +2 trident of draining
 K - a +2 hand axe of flaming {!f =f}
 Q - a +0 orcbow
Missiles
 q - 11 poisoned darts
Armour
 B - the +4 ring mail of Naaj (worn) {*Corrode Str+8 Dex+3}
   (You found it on level 5 of the Dungeon)

   Str+8:     It affects your strength (+8).
   Dex+3:     It affects your dexterity (+3).
   *Corrode:  It may corrode you when you take damage.
 J - an orb of energy (worn)
 L - a +0 ring mail of cold resistance
 N - a +1 pair of boots (worn)
Jewellery
 h - a ring of protection from fire (right hand)
 n - an amulet of reflection (around neck)
 u - a ring of resist corrosion (left hand)
 y - a ring of protection from fire
Wands
 f - a wand of digging (12)
 k - a wand of polymorph (7)
 l - a wand of flame (14)
 x - a wand of acid (5)
 H - a wand of iceblast (4)
 P - a wand of mindburst (4)
Scrolls
 c - a scroll of fog
 d - 2 scrolls of revelation
 e - 2 scrolls of fear
 i - a scroll of vulnerability
 w - 2 scrolls of enchant armour
 D - 2 scrolls of immolation
 G - 5 scrolls of poison
 M - a scroll of torment
 O - a scroll of silence
 R - a scroll of amnesia
 S - a scroll of identify
Potions
 j - 2 potions of lignification {unknown}
 m - a potion of ambrosia {unknown}
 o - 4 potions of curing
 p - a potion of magic {unknown}
 r - a potion of cancellation {unknown}
 s - a potion of enlightenment {unknown}
 t - a potion of might {unknown}
 z - 2 potions of heal wounds
 C - 3 potions of mutation
 E - 2 potions of haste {unknown}


   Skills:
 - Level 3.2 Fighting
 - Level 1.0 Short Blades
 - Level 2.0 Maces & Flails
 + Level 5.8 Ranged Weapons
 - Level 6.0 Armour
 - Level 4.0 Dodging
 - Level 8.0 Stealth
 - Level 9.2 Spellcasting
 * Level 3.8 Conjurations
 - Level 3.0 Necromancy
 + Level 1.2 Fire Magic
 * Level 3.4 Air Magic
 + Level 3.8 Poison Magic
 - Level 3.0 Evocations


You had 22 spell levels left.
You knew the following spells:

 Your Spells              Type           Power      Damage    Failure   Level
a - Sublimation of Blood  Necr           19%        N/A       28%         2
b - Magic Dart            Conj           88%        1d7       17%         1
c - Cigotuvi's Dreadful   Necr/Pois/Air  40%        N/A       24%         2
d - Foxfire               Conj/Fire      68%        2x1d7     24%         1

Your spell library contained the following spells:

 Spells                   Type           Power      Damage    Failure   Level
 Searing Ray              Conj           44%        2d6       22%         2
 Lesser Beckoning         Tloc           16%        N/A       56%         2
 Wereblood                Tmut           8%         N/A       56%         2
 Dispel Undead            Necr           19%        3d11      73%         4
 Gell's Gravitas          Tloc           8%         N/A       75%         3
 Teleport Other           Tloc           8%         N/A       75%         3
 Fulminant Prism          Conj/Hex       7%         3d7       85%         4
 Death Channel            Necr           9%         N/A       100%        6
 Summon Hydra             Summ           4%         N/A       100%        7


Dungeon Overview and Level Annotations

Branches:
Dungeon (13/15)            Temple (1/1) D:7            Lair (0/5) D:9
    Orc: D:9-12      Vaults: D:13-14

Altars:
Ashenzari
Cheibriados
Dithmenos
Elyvilon
Fedhas
Gozag
Hepliaklqana
Kikubaaqudgha
Makhleb
Nemelex Xobeh
Okawaru
Ru
Sif Muna
Trog
Uskayaw
Vehumet
Wu Jian
Xom
Yredelemnul
Zin
The Shining One

Annotations:
D:8 exclusions: downstairs and 3 killer bees
D:10 Gastronok


Innate Abilities, Weirdness & Mutations

You cannot be hasted, slowed, berserked, paralysed or teleported.
You can dig through walls and to a lower floor.
You have a pair of large antennae on your head. (SInv)
Your four strong arms can wield two-handed weapons with a shield.
Your spells are a little harder to cast, but a little more powerful.
You have hidden genetic potential.


Message History

You barely miss the komodo dragon.
The komodo dragon is moderately wounded.
The komodo dragon bites you!!
You hit the komodo dragon.
The komodo dragon is heavily wounded.
The komodo dragon bites you!
The komodo dragon bites you but does no damage.
Aiming: Mindburst
Press: ? - help, Shift-Dir - straight line, f/p - komodo dragon
Aim: a komodo dragon (heavily wounded, very poisoned, chance to affect: 60%)
The komodo dragon resists with significant effort.
Are you sure you want to shaft yourself?
You block the komodo dragon's attack.
You begin to dig a shaft.
You continue digging a shaft.
The komodo dragon bites you but does no damage.
A shaft appears beneath you!
You fall into a shaft and drop 3 floors!
The shaft crumbles and collapses.
You feel a wave of frost pass over you.
There is an entrance to an ice cave on this level.
Hurry and find it before the portal melts!
Found a chain mail.
Found a stone staircase leading up.
A centaur warrior comes into view.
A centaur comes into view. 2 centaurs come into view.
The centaur warrior shouts!
The centaur shouts!
You hear a shout!
The centaur wields a +0 shortbow of freezing.
It is covered in frost.
The centaur shoots an arrow.
The arrow closely misses you.
The centaur wields a +0 orcbow.
The centaur shoots an arrow.
The arrow hits you!
The centaur wields a +0 orcbow.
The centaur shoots an arrow.
The arrow barely misses you.
The centaur warrior wields a +0 orcbow.
The centaur warrior shoots an arrow.
The arrow hits you.
* * * LOW HITPOINT WARNING * * *
As you read the scroll of fog, it dissolves into smoke.
Are you sure you want to shaft yourself?
The centaur warrior shoots an arrow.
The arrow hits you!
* * * LOW HITPOINT WARNING * * *
You begin to dig a shaft.
You continue digging a shaft.
The centaur warrior shoots an arrow.
The arrow hits you!!
You die...

. #.## ..c# #..##
.c§ #§##
...##§@###
c.{{.§§§§.######.#
c.{{###§§§........
... ####.####.. #
#...## ###..#
##[..# .......
#..#### .## .# #


You could see a centaur warrior.

Vanquished Creatures
  Pikel (D:5)
  Jeremiah (D:7)
  A troll (D:10)
  A spriggan (D:8)
  Sigmund (D:2)
  A wraith (D:9)
  11 yaks
  Menkaure (D:4)
  3 water moccasins
  An orc warrior (D:9)
  A sky beast (D:8)
  An ogre (D:5)
  2 centaurs
  A phantom (D:6)
  2 kobold brigands (D:9)
  Blork the orc (D:4)
  4 lemures
  3 bullfrogs
  A gnoll sergeant (D:8)
  A scorpion (D:7)
  6 wights
  6 killer bees
  4 howler monkeys
  4 hounds
  A jelly (D:5)
  4 orc priests
  2 sleepcaps
  Ijyb (D:4)
  7 iguanas
  2 orc wizards
  A mummy (D:5)
  8 adders
  13 gnolls
  2 shadow imps
  2 white imps
  A worm (D:2)
  4 dart slugs
  23 orcs
  7 endoplasms
  A giant cockroach (D:4)
  8 goblins
  7 hobgoblins
  6 quokkas
  4 ball pythons
  5 bats
  3 frilled lizards
  10 kobolds
  4 rats
185 creatures vanquished.

Notes
Turn   | Place    | Note
-------+----------+-------------------------------------------
     0 | D:5      | petzl the Formicid Delver began the quest for the Orb.
     0 | D:5      | Reached XP level 1. HP: 18/18 MP: 1/1
     9 | D:4      | Noticed an orc priest
    27 | D:4      | Noticed a hound
    91 | D:2      | Noticed Sigmund
   160 | D:2      | Reached skill level 1 in Spellcasting
   236 | D:2      | Reached XP level 2. HP: 24/24 MP: 2/4
   497 | D:1      | Reached skill level 2 in Spellcasting
   522 | D:1      | Found a faded altar of an unknown god.
   541 | D:1      | Reached XP level 3. HP: 23/29 MP: 6/6
  1107 | D:2      | Reached skill level 3 in Spellcasting
  1212 | D:2      | Reached XP level 4. HP: 35/35 MP: 8/8
  1517 | D:2      | Identified the +0 hat "Lenus" {Harm rElec Str+4 Dex-3}
  1783 | D:3      | Reached skill level 4 in Spellcasting
  1788 | D:3      | Reached XP level 5. HP: 41/41 MP: 9/11
  2193 | D:4      | Noticed Menkaure
  2246 | D:4      | Reached skill level 1 in Short Blades
  2295 | D:4      | Reached skill level 5 in Spellcasting
  2295 | D:4      | Reached XP level 6. HP: 14/47 MP: 13/13
  2480 | D:4      | Noticed Blork the orc
  2843 | D:4      | Noticed Ijyb
  2858 | D:4      | Killed Ijyb
  3220 | D:4      | You fall into a shaft and drop 2 floors!
  3357 | D:5      | Noticed Pikel
  3519 | D:4      | Learned a level 2 spell: Sublimation of Blood
  3534 | D:5      | Reached skill level 6 in Spellcasting
  3552 | D:5      | Noticed an ogre
  3573 | D:5      | Found a glowing silver altar of Zin.
  3743 | D:4      | Killed Blork the orc
  3744 | D:4      | Reached XP level 7. HP: 38/52 MP: 17/17
  3963 | D:5      | Reached skill level 7 in Spellcasting
  4027 | D:5      | Noticed a water moccasin
  4030 | D:5      | Killed a water moccasin
  4031 | D:5      | Reached skill level 1 in Armour
  4031 | D:5      | Reached skill level 1 in Evocations
  4048 | D:5      | Identified the +4 ring mail of Naaj {*Corrode Str+8 Dex+3}
  4127 | D:5      | Reached XP level 8. HP: 58/58 MP: 19/19
  4354 | D:5      | Killed Pikel
  4685 | D:2      | Killed Sigmund
  4686 | D:2      | Reached XP level 9. HP: 64/64 MP: 20/20
  4748 | D:4      | Killed Menkaure
  4749 | D:4      | Reached skill level 8 in Spellcasting
  4990 | D:6      | You fall into a shaft and drop 3 floors!
  5486 | D:8      | Noticed a two-headed ogre
  5621 | D:8      | Reached skill level 9 in Spellcasting
  5801 | D:7      | Noticed Jeremiah
  6042 | D:6      | Reached skill level 1 in Ranged Weapons
  6135 | D:6      | Reached skill level 1 in Necromancy
  6523 | D:6      | Found a white marble altar of Elyvilon.
  6523 | D:6      | Found a glowing golden altar of the Shining One.
  6530 | D:6      | Found a bloodstained altar of Trog.
  6532 | D:6      | Found an opulent altar of Gozag.
  6534 | D:6      | Found a sacrificial altar of Ru.
  6864 | D:6      | Reached XP level 10. HP: 64/69 MP: 23/23
  6893 | D:7      | Reached skill level 5 in Armour
  6918 | D:7      | Gained mutation: You have hidden genetic potential. [potion
                  | of mutation]
  6918 | D:7      | Gained mutation: Your spells are a little harder to cast,
                  | but a little more powerful. [potion of mutation]
  6960 | D:7      | Killed Jeremiah
  7079 | D:7      | Found a staircase to the Ecumenical Temple.
  7285 | Temple   | Entered the Ecumenical Temple
  7295 | Temple   | Became a worshipper of Vehumet
  7479 | D:8      | Learned a level 1 spell: Magic Dart
  7482 | D:8      | Learned a level 2 spell: Cigotuvi's Dreadful Rot
  7529 | D:8      | Found a basalt altar of Yredelemnul.
  7763 | D:9      | Reached skill level 5 in Ranged Weapons
  7763 | D:9      | Reached skill level 1 in Conjurations
  7763 | D:9      | Reached skill level 1 in Air Magic
  7763 | D:9      | Reached skill level 1 in Poison Magic
  9111 | D:10     | Entered Level 10 of the Dungeon
  9165 | D:9      | Reached * piety under Vehumet
  9165 | D:9      | Offered knowledge of Foxfire by Vehumet.
  9177 | D:9      | Learned a level 1 spell: Foxfire
  9190 | D:9      | Reached XP level 11. HP: 29/75 MP: 24/24
  9539 | D:10     | Reached skill level 1 in Fire Magic
  9708 | D:10     | Noticed Gastronok
  9861 | D:10     | You fall into a shaft and drop 3 floors!
  9863 | D:13     | Noticed a centaur warrior
  9869 | D:13     | Shot with an arrow by a centaur warrior

Illustrated notes

Levels and vault maps discovered:
D:1:      tarquinn_simple_flora_water_a, layout_loops_cross,
          shapermc_ecumenical_altar_notcrosses
D:2:      layout_basic, uniq_sigmund
D:3:      layout_basic
D:4:      layout_cave_pools, uniq_blork_the_orc, uniq_ijyb, uniq_menkaure
D:5:      layout_rooms, overflow_temple_1_default, gup_ossuary_entry_pyramid,
          nicolae_houndstooth_variations, uniq_pikel
D:6:      minmay_chambers_of_threes, layout_gridville,
          chequers_temple_overflow_minitemple
D:7:      layout_rooms, minmay_temple_entry_ruins, enter_bailey_2, uniq_jeremiah
D:8:      layout_loops_ring, lemuel_doored_altar, the_hattery
D:9:      layout_cave_pools, nicolae_qazlal_eye_of_the_storm, erik_lair_dragon
D:10:     layout_long_grid, orc_0_dummy, nicolae_shop_sticking_my_neck_out,
          uniq_gastronok
D:11:     layout_basic, uniq_fannar, uniq_sonja
D:13:     layout_rooms, portal_ice_cave_entry_ice_simulacra
Temple:   eino_temple_lava

Skill      XL: |  1  2  3  4  5  6  7  8  9 10 11 |
---------------+----------------------------------+-----
Spellcasting   | 1 2 3 4 5 6 7 9 |  9.2
Short Blades   | 1 |  1.0
Armour         | 1 3 4 6 |  6.0
Dodging        | 2 3 4 |  4.0
Evocations     | 1 3 |  3.0
Stealth        | 7 8 |  8.0
Ranged Weapons | 3 5 |  5.8
Necromancy     | 2 3 |  3.0
Conjurations   | 3 |  3.8
Air Magic      | 3 |  3.4
Poison Magic   | 3 |  3.8
Fire Magic     | 1 |  1.2
Fighting       | |  3.2
Maces & Flails | |  2.0

Action                     |  1- 3 |  4- 6 |  7- 9 | 10-12 || total
---------------------------+-------+-------+-------+-------++-------
  Melee: Mace              |    61 |       |       |       ||    61
         Dagger            |    10 |   125 |   198 |   115 ||   448
         Punch             |       |     2 |    11 |       ||    13
         Spear             |       |     2 |    54 |       ||    56
   Fire: Orcbow            |       |       |    40 |   111 ||   151
   Cast: Magic Dart        |       |       |       |     2 ||     2
         Cigotuvi's Dreadf |       |       |       |     2 ||     2
Ability: Dig               |       |     1 |     3 |     3 ||     7
         Shaft Self        |       |     1 |     1 |     2 ||     4
  Evoke: Wand              |       |     5 |    16 |     2 ||    23
    Use: Scroll            |       |     3 |     9 |     8 ||    20
         Potion            |       |     2 |     1 |     2 ||     5
   Stab: Sleeping          |    14 |    15 |     4 |     1 ||    34
         Distracted        |       |     1 |     1 |       ||     2
 Armour: Leather armour    |    28 |    50 |    11 |       ||    89
         Ring mail         |       |       |   159 |   140 ||   299
  Dodge: Dodged            |    43 |    54 |   163 |   147 ||   407
  Block: Other             |     4 |    20 |    71 |     3 ||    98
         Reflection        |       |       |     1 |       ||     1
         Orb               |       |       |       |    50 ||    50

Table legend: (Time is in decaauts)
 A = Elapsed time spent in this place.
 B = Non-inter-level travel time spent in this place.
 C = Inter-level travel time spent in this place.
 D = Time resting spent in this place.
 E = Time spent auto-exploring this place.
 F = Levels seen in this place.
 G = Mean time per level.
                   A        B        C        D        E       F      G
               +--------+--------+--------+--------+--------+-----+--------+
         Total |  10038 |   9218 |    820 |   2141 |   3269 |  13 |  772.2 |
       Dungeon |  10019 |   9216 |    803 |   2141 |   3269 |  12 |  834.9 |
        Temple |     19 |      2 |     17 |      0 |      0 |   1 |   19.0 |
               +--------+--------+--------+--------+--------+-----+--------+

Top non-repeatable levels by time:
     D:8: 2274 daAuts
     D:4: 1307 daAuts
     D:6: 1189 daAuts
     D:2: 1036 daAuts
     D:5: 823 daAuts
     D:3: 805 daAuts
     D:9: 735 daAuts
     D:1: 697 daAuts
     D:7: 607 daAuts
    D:10: 502 daAuts
    D:11: 30 daAuts
  Temple: 19 daAuts
    D:13: 7 daAuts
